 Dungeon Crawl Stone Soup version 0.28.0 (webtiles) character file.

Game seed: 9407628795697956429

73 Host24 the Bolt Thrower (level 4, -1/28 HPs)
             Began as a Kobold Hunter on Mar 5, 2022.
             Slain by an orc (8 damage)
             ... on level 3 of the Dungeon.
             The game lasted 00:03:58 (3368 turns).

Host24 the Bolt Thrower (Kobold Hunter)             Turns: 3368, Time: 00:03:58

Health: -1/28      AC:  3    Str: 11    XL:     4   Next: 51%
Magic:  4/4        EV: 14    Int: 12    God:
Gold:   61         SH:  0    Dex: 15    Spells: 3/3 levels left

rFire   . . .      SeeInvis .   a - +1 hand crossbow
rCold   . . .      Faith    .   (no shield)
rNeg    . . .      Spirit   .   c - +0 leather armour
rPois   .          Reflect  .   (no helmet)
rElec   .          Harm     .   (no cloak)
rCorr   .          Rampage  .   (no gloves)
Will    .....                   (no boots)
Stlth   +++.......              (no amulet)
HPRegen 0.09/turn               (no ring)
MPRegen 0.09/turn               (no ring)

@: no status effects
A: small, no large weapons, nightstalker 3
a: no special abilities


You were on level 3 of the Dungeon.
You visited 1 branch of the dungeon, and saw 3 of its levels.

You collected 113 gold pieces.
You spent 52 gold pieces at shops.

Inventory:

Hand Weapons
 a - a +1 hand crossbow (weapon)
 b - a +0 short sword
Missiles
 d - 18 bolts (quivered ammo)
 e - 86 stones
 g - 65 arrows
 i - 4 large rocks
 q - 27 sling bullets
Armour
 c - a +0 leather armour (worn)
Scrolls
 f - 3 scrolls of teleportation {unknown}
 h - 2 scrolls of fog {unknown}
 l - 2 scrolls of enchant weapon {unknown}
 o - a scroll of blinking {unknown}
Potions
 j - 2 potions of curing
 k - a potion of might {unknown}
 m - a potion of haste {unknown}
 n - a potion of heal wounds {unknown}
 p - a potion of resistance {unknown}


   Skills:
 - Level 3.0 Fighting
 + Level 6.1 Crossbows
 - Level 3.0 Dodging
 - Level 1.3 Stealth


You had 3 spell levels left.
You didn't know any spells.
Your spell library was empty.

Dungeon Overview and Level Annotations

Branches:
Dungeon (3/15)

Altars:
Ru

Shops:
D:2 *


Innate Abilities, Weirdness & Mutations

You are small and have problems with some larger weapons.
You are completely attuned to the shadows.


Message History

There is a stone staircase leading up here.
g - 65 arrows (gained 19)
An orc comes into view. It is wielding a +0 flail.
The orc shouts!
You hear a shout!
An orc comes into view. It is wielding a +0 club.
The orc closely misses you.
You hit the orc.
The orc is heavily wounded.
The orc closely misses you.
You closely miss the orc.
The orc is heavily wounded.
You hit the orc.
The orc is moderately wounded.
An orc comes into view. It is wielding a +0 long sword.
The orc barely misses you.
The orc shouts!
You hit the orc.
You kill the orc!
You barely miss the orc.
The orc is heavily wounded.
You hit the orc but do no damage. The orc misses you.
The orc completely misses you. The orc hits you with a +0 flail!
You hit the orc but do no damage. Your punch misses the orc.
The orc hits you with a +0 long sword. The orc closely misses you.
The orc hits you with a +0 flail.
You hit the orc.
The orc is heavily wounded.
The orc hits you with a +0 long sword!
You closely miss the orc. You punch the orc, but do no damage.
The orc is heavily wounded.
The orc hits you with a +0 long sword.
* * * LOW HITPOINT WARNING * * *
a - a +1 hand crossbow (weapon)
Fire: 19 bolts
Press: ? - help, Q - select action, (/) - cycle Shift-Dir - straight line, f - orc
Aim: an orc, wielding a +0 long sword and wearing a +0 scale mail (heavily wounded, 70% to hit)
You shoot a bolt. The bolt hits the orc.
The orc is almost dead.
The orc closely misses you. The orc hits you with a +0 long sword!
You die...

####### ......## ###########
###...#####.........#######
######.#..................†..#
...............#.#####.#####.#
################.# #.# #.# #.#
#.# #.# #@# #.# #.# #o# #.#
###########o# #.# #.#
#<..........#####.#####.# ####
#.####...............##.# ...#
#.# #.###..#####.##.##.#
##>###.####.##...............#
............##.........##.####
########### #)######..##.#


You could see 2 orcs.

Vanquished Creatures
  An adder (D:3)
  A dart slug (D:1)
  An orc (D:3)
  9 ball pythons
  11 endoplasms
  4 giant cockroaches
  6 goblins
  4 hobgoblins
  5 quokkas
  5 bats
  2 frilled lizards (D:2)
  A kobold (D:2)
  3 rats (D:2)
53 creatures vanquished.

Notes
Turn   | Place    | Note
-------+----------+-------------------------------------------
     0 | D:1      | Host24 the Kobold Hunter began the quest for the Orb.
     0 | D:1      | Reached XP level 1. HP: 12/12 MP: 1/1
    82 | D:1      | Reached skill level 5 in Crossbows
   422 | D:1      | Reached XP level 2. HP: 17/18 MP: 2/2
  1355 | D:1      | Found a faded altar of an unknown god.
  1490 | D:1      | Reached XP level 3. HP: 22/23 MP: 3/3
  2030 | D:2      | Found Nounemno's General Store.
  2035 | D:2      | Bought 2 scrolls of identify for 52 gold pieces
  2038 | D:2      | Found a sacrificial altar of Ru.
  2756 | D:3      | Reached XP level 4. HP: 26/28 MP: 4/4
  3043 | D:3      | Reached skill level 6 in Crossbows
  3368 | D:3      | Slain by an orc

Illustrated notes

Levels and vault maps discovered:
D:1:      dpeg_arrival_arbitrary_a, layout_basic,
          hellmonk_ecumenical_altar_arch_garden, chequers_serial_rivers_small_b
D:2:      layout_loops_ring, serial_shops, nicolae_shop_crystal, basic_altar
D:3:      layout_loops_ring

Skill      XL: |  1  2  3  4 |
---------------+-------------+-----
Crossbows      | 5 6 |  6.1
Fighting       | 3 |  3.0
Dodging        | 3 |  3.0
Stealth        | |  1.3

Action                   |  1- 3 |  4- 6 || total
-------------------------+-------+-------++-------
Melee: Short sword       |   102 |    58 ||   160
       Punch             |     3 |     2 ||     5
 Fire: Hand crossbow     |     4 |     1 ||     5
  Use: Scroll            |     2 |       ||     2
 Stab: Sleeping          |    17 |     6 ||    23
Armor: Leather armour    |    15 |     7 ||    22
Dodge: Dodged            |    68 |    34 ||   102
